Map: Port Aleksander LE

Players

AlphaGo (Guru)

  • Race: Zerg Zerg
  • League: Master
  • Spawn Location: 5:00

Lambo - Winner!

  • Race: Zerg Zerg
  • League: Master
  • Spawn Location: 11:00

VOD

Have the link to the VOD?

Description

Time

  • Played on: Jan. 25, 2019, 1:02 p.m.
  • Length: 7:40
Show
View Real Time Build Order
Export as new Build Order

AlphaGo Zerg 

Build Orders: Hatch First 

Get SALT Encoding   

  12  0:01  Drone  
  13  0:13  Overlord  
  13  0:18  Drone  
  14  0:32  Drone x2  
  16  0:36  Drone  
  17  0:54  Hatchery  
  16  0:57  Drone  
  17  1:11  Spawning Pool  
  17  1:14  Extractor  
  17  1:16  Drone  
  16  1:20  Drone  
  16  1:24  Drone  
  18  1:30  Drone  
  19  1:58  Queen  
  19  1:59  Drone  
  22  2:03  Evolution Chamber  
  22  2:06  Queen  
  22  2:07  Drone x2  
  22  2:08  Drone  
  26  2:13  Overlord  
  26  2:20  Drone  
  27  2:28  Zerg Melee Weapons Level 1  
  27  2:32  Drone  
  27  2:35  Queen  
  30  2:38  Drone  
  30  2:41  Drone  
  32  2:48  Queen  
  34  2:53  Metabolic Boost  
  34  2:59  Overlord  
  34  3:03  Drone  
  34  3:04  Drone  
  36  3:17  Drone x6  
  42  3:23  Overlord  
  42  3:27  Overlord  
  42  3:29  Drone  
  42  3:30  Drone  
  44  3:35  Overlord  
  44  3:40  Lair  
  44  3:50  Drone  
  44  3:51  Extractor, Drone x5  
  44  3:55  Drone x2  
  51  3:57  Extractor  
  51  3:59  Drone  
  51  4:00  Extractor  
  51  4:01  Drone  
  51  4:07  Zergling x4  
  53  4:11  Overlord  
  53  4:14  Zergling x2  
  54  4:19  Zergling x6  
  57  4:27  Overlord  
  57  4:30  Zergling x6  
  60  4:40  Spire  
  60  4:42  Drone, Hatchery  
  60  4:44  Drone  
  60  4:49  Drone x2  
  60  4:50  Drone  
  63  4:53  Overlord  
  63  5:00  Spine Crawler  
  63  5:01  Spine Crawler  
  60  5:17  Drone x5  
  60  5:18  Drone x4  
  68  5:27  Overlord  
  68  5:31  Overlord  
  67  5:51  Corruptor  
  67  5:52  Corruptor x5  
  73  5:58  Corruptor  
  75  6:05  Corruptor  
  75  6:07  Zergling x8  
  75  6:09  Zergling x2  
  75  6:11  Zergling x2  
  80  6:32  Drone x9  
  87  6:33  Drone x2  
  87  6:39  Queen  
  91  6:45  Corruptor x2  
  95  6:57  Overlord  
  95  6:59  Corruptor  
  93  7:01  Corruptor  
  93  7:07  Zergling x10  
  93  7:09  Zergling x2  
  93  7:10  Zergling x4  
  89  7:15  Zergling x4  
  89  7:18  Zergling x2  
  89  7:19  Zergling x8  
  93  7:23  Zergling x2  
Show
View Real Time Build Order
Export as new Build Order

Lambo Zerg - Winner!

Build Orders: Hatch First 

Get SALT Encoding   

  12  0:01  Drone  
  13  0:12  Overlord  
  13  0:17  Drone  
  14  0:30  Drone x2  
  16  0:49  Hatchery  
  15  0:52  Drone  
  15  0:56  Drone  
  17  0:59  Drone  
  18  1:10  Extractor  
  17  1:15  Spawning Pool  
  17  1:18  Drone  
  17  1:21  Drone  
  18  1:28  Drone  
  19  1:40  Drone  
  20  1:51  Drone  
  21  2:01  Drone, Queen x2  
  22  2:04  Overlord  
  26  2:10  Metabolic Boost  
  26  2:11  Drone  
  26  2:14  Drone  
  28  2:24  Drone x2  
  30  2:36  Hatchery  
  29  2:38  Drone  
  31  2:44  Drone x2  
  31  2:48  Overlord  
  32  2:54  Zergling x2  
  32  2:56  Drone  
  34  3:04  Drone, Extractor  
  34  3:05  Drone  
  34  3:09  Lair  
  34  3:10  Drone x3  
  38  3:13  Drone  
  38  3:14  Drone  
  38  3:17  Extractor  
  39  3:20  Overlord  
  39  3:22  Drone  
  40  3:28  Baneling Nest  
  40  3:31  Drone x2  
  40  3:34  Drone  
  42  3:38  Zergling x2  
  43  3:43  Extractor  
  43  3:46  Zergling x2  
  43  3:47  Drone x4  
  46  3:51  Drone x2  
  48  4:00  Drone x2  
  51  4:02  Zergling x2  
  51  4:08  Queen  
  51  4:09  Spire  
  52  4:13  Drone x2  
  54  4:17  Overlord  
  53  4:27  Baneling  
  53  4:28  Baneling  
  53  4:30  Zergling x8  
  57  4:32  Evolution Chamber  
  57  4:34  Drone  
  57  4:39  Drone x4  
  57  4:42  Extractor  
  57  4:44  Zergling x6  
  63  4:46  Baneling x2  
  63  4:51  Drone x3  
  66  4:53  Overlord  
  66  5:02  Zerg Melee Weapons Level 1  
  66  5:15  Drone x4  
  66  5:17  Extractor  
  69  5:25  Drone x2, Zerg Flyer Armor Level 1  
  69  5:26  Drone  
  72  5:36  Overlord  
  72  5:37  Overlord  
  72  5:38  Overlord  
  72  5:39  Overlord  
  72  5:40  Drone  
  73  5:52  Overlord  
  73  5:55  Overlord  
  73  5:56  Mutalisk x8  
  87  5:59  Mutalisk x2  
  91  6:04  Mutalisk  
  91  6:05  Mutalisk  
  91  6:07  Overlord  
  91  6:10  Mutalisk  
  97  6:16  Zergling x8  
  101  6:19  Mutalisk  
  100  6:27  Mutalisk  
  100  6:29  Zergling x12  
  104  6:34  Mutalisk  
  104  6:37  Overlord  
  104  6:39  Mutalisk  
  106  6:41  Zergling x6  
  106  6:44  Mutalisk  
  113  6:49  Mutalisk  
  115  6:56  Zergling x12  
  115  7:00  Mutalisk x2  
  119  7:07  Mutalisk  
  119  7:14  Mutalisk  
  119  7:23  Drone x2  
  122  7:35  Hatchery  
Tags
 
Add a new tag
Caveats
  • Supply blocks, unpowered buildings, or Contaminate may cause inaccurate times.
  • Supply counts are checked every 10 seconds.